ESL (28 & UNDER)
SPRINGFIELD SIMPSONS @ BUTLER WHITE SOX
06/10/2025
 
TOP OF THE 1ST
Springfield Simpsons batting - Pitching for Butler White Sox : RHP Pedro Mendoza
Pitching: RHP Pedro Mendoza
Batting: RHB António López 0-0: Ground out 4-3 (Groundball, 4M)
Batting: RHB Manny Ramírez 0-0: Ball
1-0: Called Strike
1-1: Called Strike
1-2: Ball
2-2: Foul Ball, location: 2F
2-2: Ball
3-2: Strikes out swinging
Batting: RHB Ángel Garza 0-0: Called Strike
0-1: Ball
1-1: Ball
2-1: Swinging Strike
2-2: Ball
3-2: Strikes out swinging
Top of the 1st over - 0 run(s), 0 hit(s), 0 error(s), 0 left on base; Springfield 0 - Butler 0
BOTTOM OF THE 1ST
Butler White Sox batting - Pitching for Springfield Simpsons : RHP Don Wiggins
Pitching: RHP Don Wiggins
Batting: RHB Richard Bankhead 0-0: Called Strike
0-1: Ball
1-1: Ground out 4-3 (Groundball, 4D)
Batting: RHB Rodney González 0-0: Called Strike
0-1: Foul Ball, location: 2F
0-2: Ball
1-2: Fly out, F9 (Flyball, 89S)
Batting: LHB Mark Everett 0-0: Ball
1-0: Fly out, F3 (Popup, 23F)
Bottom of the 1st over - 0 run(s), 0 hit(s), 0 error(s), 0 left on base; Springfield 0 - Butler 0
TOP OF THE 2ND
Springfield Simpsons batting - Pitching for Butler White Sox : RHP Pedro Mendoza
Batting: RHB Brant Sherman 0-0: Foul Ball, location: 2F
0-1: Ball
1-1: Foul Ball, location: 2F
1-2: Foul Ball, location: 2F
1-2: Strikes out swinging
Batting: RHB Gabriel Stout 0-0: Called Strike
0-1: Ball
1-1: Ball
2-1: Ball
3-1: Called Strike
3-2: Foul Ball, location: 2F
3-2: Foul Ball, location: 2F
3-2: Base on Balls
Batting: RHB Marcos Castillo 0-0: Ball
Gabriel Stout is caught stealing 2nd base
1-0: Foul Ball, location: 2F
1-1: Foul Ball, location: 2F
1-2: Ball
2-2: Hit by Pitch
Batting: RHB Tomás Galindo 0-0: Fly out, F9 (Flyball, 9S)
Top of the 2nd over - 0 run(s), 0 hit(s), 0 error(s), 1 left on base; Springfield 0 - Butler 0
BOTTOM OF THE 2ND
Butler White Sox batting - Pitching for Springfield Simpsons : RHP Don Wiggins
Batting: RHB José Rodríguez 0-0: Ball
1-0: Ball
2-0: Ball
3-0: Base on Balls
Batting: RHB Luis Alou 0-0: Ball
1-0: Ball
2-0: Foul Ball, location: 2F
2-1: Ball
3-1: Base on Balls
José Rodríguez to second
Batting: RHB Evan Robinson 0-0: Ball
1-0: Fly out, F8 (Flyball, 8LM)
Batting: LHB Jesús González 0-0: Swinging Strike
0-1: Ball
1-1: Foul Ball, location: 2F
1-2: Ball
2-2: Fly out, F6 (Popup, 78S)
Batting: RHB Juan Reyes 0-0: Ball
1-0: Ball
2-0: Called Strike
2-1: Ball
3-1: Called Strike
3-2: Foul Ball, location: 2F
3-2: SINGLE (Groundball, 34D)
José Rodríguez to third
Luis Alou to second
José Rodríguez scores
Luis Alou to third
Batting: RHB Adam Justice 0-0: SINGLE (Groundball, 25) (infield hit)
Luis Alou scores
Juan Reyes to second
Batting: RHB Richard Bankhead 0-0: Called Strike
0-1: Called Strike
0-2: Foul Ball, location: 2F
0-2: Ground out 6-3 (Groundball, 6)
Bottom of the 2nd over - 2 run(s), 2 hit(s), 0 error(s), 2 left on base; Springfield 0 - Butler 2
TOP OF THE 3RD
Springfield Simpsons batting - Pitching for Butler White Sox : RHP Pedro Mendoza
Batting: SHB José Cruz 0-0: Ball
1-0: Ball
2-0: DOUBLE (Line Drive, 7LS)
Batting: RHB Kawanari Hara 0-0: Ball
1-0: Ground out 4-3 (Groundball, 4)
José Cruz to third
Batting: RHB António López 0-0: Called Strike
0-1: Called Strike
0-2: Ball
1-2: Hit by Pitch
Batting: RHB Manny Ramírez 0-0: Ball
António López is caught stealing 2nd base
1-0: Swinging Strike
1-1: DOUBLE (Flyball, 8LXD)
José Cruz scores
Batting: RHB Ángel Garza 0-0: Ball
1-0: Ball
2-0: Ball
3-0: Base on Balls
Batting: RHB Brant Sherman 0-0: Ball
1-0: Called Strike
1-1: Fly out, F9 (Flyball, 89D)
Top of the 3rd over - 1 run(s), 2 hit(s), 0 error(s), 2 left on base; Springfield 1 - Butler 2
BOTTOM OF THE 3RD
Butler White Sox batting - Pitching for Springfield Simpsons : RHP Don Wiggins
Batting: RHB Rodney González 0-0: Ball
1-0: DOUBLE (Groundball, 3L)
Batting: LHB Mark Everett 0-0: Swinging Strike
0-1: Ball
1-1: Called Strike
1-2: Ball
2-2: Foul Ball, location: 2F
2-2: Strikes out swinging
Batting: RHB José Rodríguez 0-0: Ball
1-0: Fly out, F7 (Flyball, 7M)
Batting: RHB Luis Alou 0-0: 2-RUN HOME RUN (Flyball, 7D), Distance : 345 ft
Batting: RHB Evan Robinson 0-0: Called Strike
0-1: Ball
1-1: Ball
2-1: Fly out, F6 (Line Drive, 6)
Bottom of the 3rd over - 2 run(s), 2 hit(s), 0 error(s), 0 left on base; Springfield 1 - Butler 4
TOP OF THE 4TH
Springfield Simpsons batting - Pitching for Butler White Sox : RHP Pedro Mendoza
Batting: RHB Gabriel Stout 0-0: Ball
1-0: Foul Ball, location: 2F
1-1: Fly out, F4 (Popup, 3)
Batting: RHB Marcos Castillo 0-0: Foul Ball, location: 2F
0-1: Fly out, F8 (Flyball, 8RS)
Batting: RHB Tomás Galindo 0-0: Called Strike
0-1: Foul Ball, location: 2F
0-2: Fly out, F9 (Popup, 4D)
Top of the 4th over - 0 run(s), 0 hit(s), 0 error(s), 0 left on base; Springfield 1 - Butler 4
BOTTOM OF THE 4TH
Butler White Sox batting - Pitching for Springfield Simpsons : RHP Don Wiggins
Batting: LHB Jesús González 0-0: Ball
1-0: Called Strike
1-1: Ball
2-1: Ball
3-1: Ground out 5-3 (Groundball, 5L)
Batting: RHB Juan Reyes 0-0: Fly out, F7 (Flyball, 78M)
Batting: RHB Adam Justice 0-0: Foul Ball, location: 2F
0-1: Ball
1-1: Ground out 4-3 (Groundball, 4)
Bottom of the 4th over - 0 run(s), 0 hit(s), 0 error(s), 0 left on base; Springfield 1 - Butler 4
TOP OF THE 5TH
Springfield Simpsons batting - Pitching for Butler White Sox : RHP Pedro Mendoza
Batting: SHB José Cruz 0-0: Ball
1-0: Bunt missed!
1-1: Swinging Strike
1-2: Ball
2-2: Strikes out swinging
Batting: RHB Kawanari Hara 0-0: Ball
1-0: Called Strike
1-1: SOLO HOME RUN (Flyball, 7D), Distance : 367 ft
Batting: RHB António López 0-0: Called Strike
0-1: Ball
1-1: Bunted foul
1-2: Foul Ball, location: 2F
1-2: Ground out 5-3 (Groundball, 56)
Batting: RHB Manny Ramírez 0-0: Ball
1-0: Called Strike
1-1: Called Strike
1-2: Ball
2-2: Strikes out swinging, 2-3 out at first.
Top of the 5th over - 1 run(s), 1 hit(s), 0 error(s), 0 left on base; Springfield 2 - Butler 4
BOTTOM OF THE 5TH
Butler White Sox batting - Pitching for Springfield Simpsons : RHP Don Wiggins
Batting: RHB Richard Bankhead 0-0: Fly out, F4 (Popup, 4)
Batting: RHB Rodney González 0-0: Called Strike
0-1: Ball
1-1: Foul Ball, location: 2F
1-2: Ball
2-2: Strikes out looking
Batting: LHB Mark Everett 0-0: Swinging Strike
0-1: DOUBLE (Line Drive, 9D)
Batting: RHB José Rodríguez 0-0: Ground out 5-3 (Groundball, 5)
Bottom of the 5th over - 0 run(s), 1 hit(s), 0 error(s), 1 left on base; Springfield 2 - Butler 4
TOP OF THE 6TH
Springfield Simpsons batting - Pitching for Butler White Sox : RHP Pedro Mendoza
Batting: RHB Ángel Garza 0-0: SINGLE (Line Drive, 56D)
Batting: RHB Brant Sherman 0-0: Swinging Strike
0-1: Fielders Choice at 2nd, 1-6 (Groundball, 23)
Batting: RHB Gabriel Stout 0-0: Ball
Brant Sherman is caught stealing 2nd base
1-0: Called Strike
1-1: Fly out, F3 (Popup, 3F)
Top of the 6th over - 0 run(s), 1 hit(s), 0 error(s), 0 left on base; Springfield 2 - Butler 4
BOTTOM OF THE 6TH
Butler White Sox batting - Pitching for Springfield Simpsons : RHP Don Wiggins
Batting: RHB Luis Alou 0-0: Ball
1-0: Foul Ball, location: 2F
1-1: Ball
2-1: Foul Ball, location: 2F
2-2: Fly out, F9 (Flyball, 9M)
Batting: RHB Evan Robinson 0-0: Ball
1-0: Ball
2-0: SINGLE (Flyball, 89S)
Batting: LHB Jesús González 0-0: Ball
1-0: Called Strike
1-1: Ball
2-1: Foul Ball, location: 2F
2-2: Strikes out swinging
Batting: RHB Juan Reyes 0-0: Ball
1-0: Called Strike
1-1: Ground out 5-3 (Groundball, 5S)
Bottom of the 6th over - 0 run(s), 1 hit(s), 0 error(s), 1 left on base; Springfield 2 - Butler 4
TOP OF THE 7TH
Springfield Simpsons batting - Pitching for Butler White Sox : RHP Pedro Mendoza
Batting: RHB Marcos Castillo 0-0: Ball
1-0: Foul Ball, location: 2F
1-1: Foul Ball, location: 2F
1-2: Foul Ball, location: 2F
1-2: Foul Ball, location: 2F
1-2: SINGLE (Groundball, 34D)
Batting: RHB Tomás Galindo 0-0: Ball
1-0: Called Strike
Marcos Castillo is caught stealing 2nd base
1-1: Swinging Strike
1-2: Ball
2-2: Foul Ball, location: 2F
2-2: Foul Ball, location: 2F
2-2: Foul Ball, location: 2F
2-2: SINGLE (Flyball, 6MD)
Pitching: LHP David Richardson
Batting: SHB José Cruz 0-0: Ball
1-0: Ball
2-0: Ground out 5-3 (Groundball, 56S)
Tomás Galindo to second
Batting: RHB Kawanari Hara 0-0: Called Strike
0-1: Called Strike
0-2: Strikes out swinging
Top of the 7th over - 0 run(s), 2 hit(s), 0 error(s), 1 left on base; Springfield 2 - Butler 4
BOTTOM OF THE 7TH
Butler White Sox batting - Pitching for Springfield Simpsons : RHP Don Wiggins
Batting: RHB Adam Justice 0-0: Called Strike
0-1: Ball
1-1: Called Strike
1-2: Ball
2-2: Strikes out swinging
Batting: RHB Richard Bankhead 0-0: Ground out 6-3 (Groundball, 6S)
Batting: RHB Rodney González 0-0: Called Strike
0-1: Ball
1-1: Ball
2-1: Ball
3-1: Foul Ball, location: 2F
3-2: Base on Balls
Pitching: LHP Alberto Martínez
Batting: LHB Mark Everett 0-0: Ball
1-0: Ball
Rodney González is caught stealing 2nd base
Bottom of the 7th over - 0 run(s), 0 hit(s), 0 error(s), 0 left on base; Springfield 2 - Butler 4
TOP OF THE 8TH
Springfield Simpsons batting - Pitching for Butler White Sox : LHP David Richardson
Now at 2B: Keith Shaffer
Now at SS: Luis Alvarado
Batting: RHB António López 0-0: Called Strike
0-1: Swinging Strike
0-2: Ball
1-2: DOUBLE (Groundball, 5L)
Batting: RHB Manny Ramírez 0-0: Called Strike
0-1: Foul Ball, location: 2F
0-2: SINGLE (Flyball, 9LS)
António López to third
Batting: RHB Ángel Garza 0-0: Called Strike
0-1: Foul Ball, location: 2F
0-2: Ball
1-2: Foul Ball, location: 2F
1-2: Strikes out swinging
Batting: RHB Brant Sherman 0-0: Foul Ball, location: 2F
0-1: 3-RUN HOME RUN (Flyball, 7LD), Distance : 367 ft
Pitching: LHP Juan González
Batting: RHB Gabriel Stout 0-0: Called Strike
0-1: Ball
1-1: Foul Ball, location: 2F
1-2: Ball
2-2: Strikes out looking
Batting: RHB Marcos Castillo 0-0: Ball
1-0: Ball
2-0: Ball
3-0: Base on Balls
Batting: RHB Tomás Galindo 0-0: Ball
1-0: Called Strike
1-1: Swinging Strike
1-2: Strikes out swinging
Top of the 8th over - 3 run(s), 3 hit(s), 0 error(s), 1 left on base; Springfield 5 - Butler 4
BOTTOM OF THE 8TH
Butler White Sox batting - Pitching for Springfield Simpsons : LHP Alberto Martínez
Batting: LHB Mark Everett 0-0: DOUBLE (Line Drive, 89D)
Batting: RHB José Rodríguez 0-0: DOUBLE (Flyball, 7LD)
Mark Everett scores
Batting: RHB Luis Alou 0-0: Intentional Walk
Batting: RHB Evan Robinson 0-0: SINGLE (Line Drive, 6M)
José Rodríguez to third
Luis Alou to second
Runner from 3rd tries for Home, SAFE, no throw or cutoff
Batting: LHB Jesús González 0-0: SINGLE (Flyball, 7LS)
Luis Alou to third
Evan Robinson to second
Batting: RHB Luis Alvarado 0-0: Swinging Strike
0-1: Fly out, F9 (Flyball, 9LM)
Pinch Hitting: RHB Luis Ramos 0-0: Called Strike
0-1: Grounds into double play, 4-6-3 (Groundball, 4)
Bottom of the 8th over - 2 run(s), 4 hit(s), 0 error(s), 2 left on base; Springfield 5 - Butler 6
TOP OF THE 9TH
Springfield Simpsons batting - Pitching for Butler White Sox : LHP Juan González
Pitching: RHP Wilson Martínez
Now at C: Mançio Delmage
Now at 3B: Luis Ramos
Now in CF: José Darias
Batting: SHB José Cruz 0-0: Called Strike
0-1: Foul Ball, location: 2F
0-2: Fly out, F6 (Popup, 56D)
Pinch Hitting: SHB Kevin Vickers 0-0: Ball
1-0: Called Strike
1-1: Foul Ball, location: 2F
1-2: Ball
2-2: Strikes out looking
Batting: RHB António López 0-0: Ball
1-0: Foul Ball, location: 2F
1-1: Ball
2-1: Foul Ball, location: 2F
2-2: Fly out, F8 (Flyball, 8LS)
Top of the 9th over - 0 run(s), 0 hit(s), 0 error(s), 0 left on base; Springfield 5 - Butler 6
This league is powered by Out of the Park Baseball, the baseball management simulation game for PC, Mac and Linux
Tuesday, August 2nd, 2016 - OOTP Baseball 16.8 Build 38